 Dungeon Crawl Stone Soup version 0.25-a0-156-g0c4bda3fdf (webtiles) character file.

Game seed: 7664759882129714705, levelgen mode: deterministic

5198 Bludhorn the Spear-Bearer (level 10, -5/126 HPs)
             Began as a Minotaur Gladiator on Nov 20, 2019.
             Was a Believer of Yredelemnul.
             Slain by a two-headed ogre
             ... wielding a +0 giant spiked club
              (14 damage)
             ... on level 9 of the Dungeon on Nov 21, 2019.
             The game lasted 03:30:38 (10201 turns).

Bludhorn the Spear-Bearer (Minotaur Gladiator)     Turns: 10201, Time: 03:30:42

Health: -5/126     AC: 25    Str: 27    XL:     10   Next: 34%
Magic:  9/9        EV:  2    Int:  5    God:    Yredelemnul [**....]
Gold:   97         SH:  0    Dex: 14    Spells: 9/9 levels left

rFire    . . .     SeeInvis .   t - +2 trident
rCold    . . .     Gourm    .   (no shield)
rNeg     + + +     Faith    .   (armour currently unavailable)
rPois    +         Spirit   .   (helmet currently unavailable)
rElec    .         Reflect  .   (cloak currently unavailable)
rCorr    .         Harm     .   (gloves currently unavailable)
MR       .....     NoTele   +   (boots currently unavailable)
Stlth    ++........             (no amulet)
HPRegen  0.31/turn              h - +2 ring of strength
MPRegen  0.11/turn              (no ring)

@: mighty, tree-form
A: (retaliatory headbutt)
a: Animate Remains, Recall Undead Slaves, Injury Mirror, Renounce Religion


You were on level 9 of the Dungeon.
You worshipped Yredelemnul.
Yredelemnul was pleased with you.
You were not hungry.
You were a tree.
You visited 3 branches of the dungeon, and saw 11 of its levels.

You collected 422 gold pieces.
You spent 325 gold pieces at shops.

Inventory:

Hand Weapons
 b - a +0 shortbow
 c - a +5 flail of holy wrath
 k - a +0 antimagic trident
 n - a +1 short sword of flaming
 q - a +2 quarterstaff of crushing
 s - a +0 hunting sling of flaming
 t - a +2 trident (weapon)
 u - a +2 dagger of venom
 E - a +5 short sword of freezing
 G - a +2 quarterstaff of chaos
 I - a +2 rapier of speed
 L - a +4 great sword
 S - a +5 scimitar
 V - a +1 hand axe of venom
Missiles
 a - 153 stones
 l - 23 sling bullets
 o - 15 poisoned darts
 x - 265 arrows
 B - 13 boomerangs
 D - 42 bolts
 T - 5 large rocks
 Y - 7 curare-tipped darts (quivered)
Armour
 d - a +0 hat
 e - a +1 crystal plate armour (melded)
 r - a +0 leather armour of fire resistance
 M - a +1 cloak of invisibility
 N - a +0 pair of boots (melded)
Jewellery
 h - a +2 ring of strength (left branch)
Wands
 f - a wand of flame (8)
 m - a wand of acid (8)
 A - a wand of clouds (14)
 C - a wand of paralysis (5)
 J - a wand of digging (5)
 O - a wand of random effects (14)
Scrolls
 i - 3 scrolls of identify
 j - a scroll of vulnerability
 p - 5 scrolls of remove curse
 y - a scroll of fog
 U - 2 scrolls of amnesia
 X - 3 scrolls of magic mapping
Potions
 v - 2 potions of brilliance
 F - 2 potions of cancellation
 P - a potion of mutation
 R - a potion of resistance
 W - a potion of flight
 Z - 3 potions of degeneration
Comestibles
 z - 4 rations


   Skills:
 * Level 6.6 Fighting
 + Level 0.4 Maces & Flails
 * Level 10.4 Polearms
 * Level 6.8(8.8) Slings
 + Level 0.4 Bows
 + Level 7.9(8.9) Throwing
 * Level 6.6 Armour
 + Level 4.1 Dodging
 + Level 1.0 Stealth
 + Level 0.7 Invocations
 + Level 1.0 Evocations


You had 9 spell levels left.
You didn't know any spells.
Your spell library contained the following spells:

 Spells                   Type           Power        Failure   Level  Hunger
 Bolt of Magma            Conj/Fire/Erth #.........   100%        5    ######.
 Iskenderun's Battlesphe  Conj/Chrm      #.......     100%        5    ######.
 Venom Bolt               Conj/Pois      #.........   100%        5    ######.
 Iron Shot                Conj/Erth      #.........   100%        6    #######
 Orb of Destruction       Conj           #.........   100%        7    #######
 Spellforged Servitor     Conj/Summ      #.........   100%        7    #######


Dungeon Overview and Level Annotations

Branches:
Dungeon (9/15)             Temple (1/1) D:6             Orc (1/2) D:9
   Lair: D:8-11

Altars:
Cheibriados
Elyvilon
Fedhas
Gozag
Makhleb
Ru
Trog
Uskayaw
Wu Jian
Yredelemnul
Zin
The Shining One
Beogh

Shops:
D:4 [   D:7 *   D:8 %

Annotations:
D:5 2 runed translucent doors, exclusion: oklob plant, bmj180's ghost, novice HOFi


Innate Abilities, Weirdness & Mutations

((You reflexively headbutt those who attack you in melee.))
((You have a pair of horns on your head.))


Message History

The two-headed ogre hits you with a +0 giant spiked club.
* * * LOW HITPOINT WARNING * * *
The two-headed ogre hits you with a cursed +0 giant spiked club!
* * * LOW HITPOINT WARNING * * *
Aiming: Paralyse
Press: ? - help, Shift-Dir - straight line, f/p - two-headed ogre
Aim: a two-headed ogre, wielding two +0 giant spiked clubs (heavily wounded, chance to defeat MR: 31%)
The two-headed ogre easily resists.
Quivering
Y - 8 curare-tipped darts for throwing.
Throwing (i - inventory. (/) - cycle)
Y - 8 curare-tipped darts (quivered)
Press: ? - help, Shift-Dir - straight line, f/p - two-headed ogre
Aim: a two-headed ogre, wielding two +0 giant spiked clubs (heavily wounded)
You throw a curare-tipped dart.
The curare-tipped dart hits the two-headed ogre.
The two-headed ogre is poisoned.
The two-headed ogre convulses.
The two-headed ogre seems to slow down.
The two-headed ogre is severely wounded.
The two-headed ogre hits you with a +0 giant spiked club!
You die...
Your body rises from the dead as a mindless zombie.

.......####.'.....)...#######....
.......# ###.........'..Z....###
.......# #.........######.##
######## ####+###### ##.# #..#
##.##### ###+###### #....... #+##
#........### #....... .....
#...♣O...'.###......§
......#######........#.).#.......
......'[...##........###.....§§.§
......####..'........# ###...§§§§
....< ####........# #....§§§ ....
#######+## #...§§§§ .## ####§###
#.# #.#


You could see a two-headed ogre.

Vanquished Creatures
  Grinder (D:4)
  2 hippogriffs
  Sigmund (D:5)
  Eustachio (D:6)
  Menkaure (D:4)
  Edmund (D:5)
  6 orc warriors
  3 ice beasts
  A necrophage (D:7)
  2 sky beasts
  A phantom (D:9)
  6 centaurs
  7 bullfrogs
  A wyvern skeleton (D:6)
  3 scorpions
  6 wights
  3 howler monkeys (D:7)
  2 jellies
  2 crimson imps (D:8)
  A centaur zombie (D:4)
  A quasit (D:9)
  5 hounds
  6 iguanas
  7 orc priests
  Crazy Yiuf (D:7)
  2 bullfrog skeletons
  Jessica (D:3)
  8 orc wizards
  3 worker ants
  Ijyb (D:3)
  Terence (D:2)
  A hound zombie (D:5)
  A mummy (D:4)
  4 gnolls (D:5)
  A howler monkey skeleton (D:4)
  13 adders
  2 adder skeletons (D:4)
  4 worms
  2 dart slugs (D:1)
  7 leopard geckos
  33 orcs
  6 ball pythons
  3 bats
  4 giant cockroaches
  5 goblins
  5 hobgoblins
  3 jackals
  5 kobolds
  7 quokkas
  2 frilled lizards (D:2)
  2 leopard gecko zombies (D:5)
  A quokka skeleton (D:7)
  4 rats
  A fungus (D:7)
203 creatures vanquished.

Vanquished Creatures (collateral kills)
  A worker ant (D:8)
  3 orcs (D:9)
  2 jackals (D:8)
6 creatures vanquished.

Vanquished Creatures (others)
  12 orc zombies
12 creatures vanquished.

Grand Total: 221 creatures vanquished

Notes
Turn   | Place    | Note
-------+----------+-------------------------------------------
     0 | D:1      | Bludhorn the Minotaur Gladiator began the quest for the
                  | Orb.
     0 | D:1      | Reached XP level 1. HP: 18/18 MP: 0/0
   294 | D:1      | Reached skill level 4 in Polearms
   294 | D:1      | Reached XP level 2. HP: 17/25 MP: 1/1
  1096 | D:2      | Reached XP level 3. HP: 30/30 MP: 2/2
  1222 | D:2      | Noticed Terence
  1233 | D:2      | Killed Terence
  1250 | D:2      | Reached XP level 4. HP: 32/37 MP: 3/3
  1330 | D:2      | Reached skill level 1 in Armour
  2008 | D:3      | Noticed Ijyb
  2051 | D:3      | Killed Ijyb
  2051 | D:3      | Reached skill level 5 in Polearms
  2051 | D:3      | Reached XP level 5. HP: 45/45 MP: 4/4
  2124 | D:3      | Noticed Jessica
  2127 | D:3      | Killed Jessica
  2972 | D:4      | Reached XP level 6. HP: 50/51 MP: 5/5
  3002 | D:4      | Reached skill level 6 in Polearms
  3119 | D:4      | Found Vubol's Armour Shop.
  3154 | D:4      | Bought a +0 leather armour of fire resistance for 108 gold
                  | pieces
  3166 | D:4      | Noticed Menkaure
  3204 | D:4      | Killed Menkaure
  3386 | D:4      | Noticed Grinder
  3422 | D:4      | Killed Grinder
  3422 | D:4      | Reached skill level 7 in Polearms
  3422 | D:4      | Reached XP level 7. HP: 47/58 MP: 6/6
  3452 | D:4      | Learned a level 5 spell: Bolt of Magma
  3565 | D:4      | Reached skill level 5 in Throwing
  4071 | D:5      | Entered Level 5 of the Dungeon
  4331 | D:5      | Noticed Sigmund
  4332 | D:5      | Found a glowing golden altar of the Shining One.
  4722 | D:5      | Found a runed translucent door.
  4723 | D:5      | Noticed bmj180's ghost (novice HOFi)
  4750 | D:5      | Reached XP level 8. HP: 66/66 MP: 7/7
  4914 | D:5      | Noticed Edmund
  5123 | D:5      | Killed Edmund
  5236 | D:5      | Killed Sigmund
  5236 | D:5      | Reached skill level 8 in Polearms
  5390 | D:5      | Found a runed translucent door.
  5444 | D:5      | Found a blossoming altar of Fedhas.
  5478 | D:5      | Noticed an oklob plant
  5795 | D:6      | Noticed Eustachio
  5810 | D:6      | Killed Eustachio
  5810 | D:6      | Reached skill level 5 in Armour
  6046 | D:6      | Reached XP level 9. HP: 72/72 MP: 8/8
  6093 | D:6      | Found a staircase to the Ecumenical Temple.
  6109 | Temple   | Entered the Ecumenical Temple
  6131 | Temple   | Became a worshipper of Yredelemnul the Dark
  6306 | D:6      | Reached skill level 9 in Polearms
  6700 | D:7      | Found Ycenov's Assorted Antiques.
  6707 | D:7      | Bought a scroll of identify for 50 gold pieces
  6707 | D:7      | Bought a scroll of identify for 50 gold pieces
  6707 | D:7      | Bought a cyan potion for 22 gold pieces
  6707 | D:7      | Bought a scroll labeled AZOELE HEPTEC for 25 gold pieces
  6843 | D:7      | Found a runed translucent door.
  6844 | D:7      | Noticed Crazy Yiuf
  6854 | D:7      | Killed Crazy Yiuf
  6912 | D:7      | Reached skill level 5 in Fighting
  7052 | D:7      | Reached skill level 1 in Slings
  7052 | D:7      | Reached skill level 1 in Evocations
  7380 | D:7      | Reached skill level 1 in Stealth
  7644 | D:7      | Reached * piety under Yredelemnul
  8003 | D:7      | Reached skill level 5 in Slings
  8643 | D:8      | Found Pumilaf's Food Emporium.
  8655 | D:8      | Bought a ration for 70 gold pieces
  8788 | D:8      | Reached XP level 10. HP: 75/83 MP: 9/9
  9320 | D:9      | Reached skill level 10 in Polearms
  9419 | D:9      | Reached ** piety under Yredelemnul
  9428 | D:9      | Found a staircase to the Orcish Mines.
  9443 | D:9      | Found a roughly hewn altar of Beogh.
  9496 | Orc:1    | Entered Level 1 of the Orcish Mines
  9496 | Orc:1    | Noticed an orc high priest
  9829 | Orc:1    | Noticed an orange demon
  9897 | D:9      | Found a snail-covered altar of Cheibriados.
 10133 | D:9      | Noticed a two-headed ogre
 10201 | D:9      | Slain by a two-headed ogre

Levels and vault maps discovered:
D:1:      dpeg_arrival_central, layout_basic
D:2:      layout_loops_ring, first_ration, uniq_terence
D:3:      layout_basic, minmay_shallow_snake_nest, uniq_jessica, uniq_ijyb
D:4:      minmay_door_path, layout_cave_pools, nicolae_overflow_hidden_temple,
          gup_ossuary_entry_pyramid, serial_shops, shop,
          hangedman_feature_mirror, uniq_menkaure, uniq_grinder
D:5:      layout_loops_ring, tgw_fedhas, ebering_ghost_sewer_f, tso_metal_star,
          uniq_sigmund, uniq_edmund
D:6:      layout_basic, minmay_temple_entry_poolview, uniq_eustachio
D:7:      layout_loops_corners, serial_shops, nicolae_shop_crystal,
          kennysheep_generic_room_12, uniq_crazy_yiuf_cottage
D:8:      layout_gridville, serial_shops, nicolae_shop_window_shopping
D:9:      layout_roguey, lemuel_crystal_altar,
          grunt_dithmenos_smoke_and_mirrors, minmay_orc_entry_temple_small,
          hangedman_ranch [blue_anna_fruit_fields]
Temple:   eino_temple_scatter_basement
Orc:1:    layout_caves, uniq_josephine

Skill      XL: |  1  2  3  4  5  6  7  8  9 10 |
---------------+-------------------------------+-----
Polearms       | 4 5 7 8 9 10 | 10.4
Dodging        | 4 |  4.1
Armour         | 1 2 3 5 6 |  6.6
Fighting       | 3 4 6 |  6.6
Throwing       | 3 4 5 7 |  7.9
Slings         | 6 |  6.8
Evocations     | 1 |  1.0
Stealth        | 1 |  1.0
Maces & Flails | |  0.4
Bows           | |  0.4
Invocations    | |  0.7

Action                   |  1- 3 |  4- 6 |  7- 9 | 10-12 || total
-------------------------+-------+-------+-------+-------++-------
Melee: Trident           |    48 |   151 |   242 |   143 ||   584
       Headbutt          |     9 |    35 |    42 |    30 ||   116
       Flail             |       |       |     1 |       ||     1
       Dagger            |       |       |     2 |       ||     2
 Fire: Shortbow          |       |       |     6 |       ||     6
       Hunting sling     |       |       |   134 |    23 ||   157
Throw: Stone             |    59 |   119 |    94 |       ||   272
       Throwing net      |       |     6 |     4 |       ||    10
       Dart              |       |       |    42 |     7 ||    49
       Boomerang         |       |       |     3 |     2 ||     5
Invok: Animate Remains   |       |       |     3 |    11 ||    14
Evoke: Wand              |       |       |     9 |     2 ||    11
  Use: Scroll            |       |     7 |    17 |     5 ||    29
       Potion            |       |     1 |     9 |     3 ||    13
 Stab: Held in net/web   |       |       |     1 |       ||     1
  Eat: Chunk             |     1 |     1 |     2 |     1 ||     5
       Ration            |       |     2 |     5 |     2 ||     9
Armor: Crystal plate arm |    37 |    89 |   168 |   101 ||   395
       Skin              |       |       |       |     2 ||     2
Dodge: Dodged            |     5 |    18 |    49 |    29 ||   101

Table legend:
 A = Non-vault XP
 B = Vault XP
 C = Vault XP percentage of total XP
 D = Non-vault monster count
 E = Vault monster count
 F = Vault count percentage of total count
                 A         B        C        D         E       F
            +---------+---------+-------+---------+---------+-------
      Total |    6046 |    1381 |  18.6 |     181 |      27 |  13.0
            +---------+---------+-------+---------+---------+-------
        D:1 |      28 |       0 |   0.0 |      12 |       0 |   0.0
        D:2 |     104 |      32 |  23.5 |      28 |       1 |   3.4
        D:3 |      39 |      90 |  69.8 |       8 |       7 |  46.7
        D:4 |     366 |     474 |  56.4 |      21 |       5 |  19.2
        D:5 |     465 |     380 |  45.0 |      16 |       2 |  11.1
        D:6 |     923 |     191 |  17.1 |      18 |       1 |   5.3
        D:7 |    1941 |      42 |   2.1 |      32 |       2 |   5.9
        D:8 |     928 |       0 |   0.0 |      21 |       0 |   0.0
        D:9 |    1246 |     172 |  12.1 |      23 |       9 |  28.1
      Orc:1 |       6 |       0 |   0.0 |       2 |       0 |   0.0
            +---------+---------+-------+---------+---------+-------
